 Dungeon Crawl Stone Soup version 0.24.1-14-gf8d2b509d9 (webtiles) character file.

Game seed: 7950693445749362114, levelgen mode: deterministic

3071 GreyFruit the Cleaver (level 9, -6/83 HPs)
             Began as a Hill Orc Monk on Feb 26, 2020.
             Mangled by a two-headed ogre
             ... wielding a +0 giant club
              (28 damage)
             ... on level 8 of the Dungeon on June 5, 2020.
             The game lasted 00:17:05 (8904 turns).

GreyFruit the Cleaver (Hill Orc Monk)               Turns: 8904, Time: 00:17:05

Health: -6/83      AC: 16    Str: 22    XL:     9   Next: 88%
Magic:  9/9        EV:  9    Int: 10    God:
Gold:   364        SH:  0    Dex: 13    Spells: 8/8 levels left

rFire    . . .     SeeInvis .   a - +0 hand axe
rCold    + . .     Gourm    .   (no shield)
rNeg     . . .     Faith    .   s - +0 plate armour
rPois    .         Spirit   .   (no helmet)
rElec    .         Reflect  .   j - +1 cloak
rCorr    .         Harm     .   (no gloves)
MR       .....                  (no boots)
Stlth    ..........             (no amulet)
HPRegen  0.23/turn              D - ring of protection from cold
MPRegen  0.11/turn              (no ring)

@: confused, mighty, flying
A: no striking features
a: no special abilities


You were on level 8 of the Dungeon.
You were not hungry.

You visited 2 branches of the dungeon, and saw 9 of its levels.
You also visited: Sewer.

You collected 416 gold pieces.
You spent 52 gold pieces at shops.

Inventory:

Hand Weapons
 a - a +0 hand axe (weapon)
Armour
 j - a +1 cloak (worn)
 o - a +0 scale mail
 s - a +0 plate armour (worn)
Jewellery
 D - a ring of protection from cold (left hand)
Wands
 p - a wand of flame (37)
 w - a wand of enslavement (12)
 C - a wand of scattershot (4)
Scrolls
 d - 2 scrolls of blinking
 e - a scroll of fear
 f - a scroll of noise
 h - 3 scrolls of amnesia
 q - 2 scrolls of teleportation
 r - 2 scrolls of identify
 v - 2 scrolls of random uselessness {unknown}
 x - a scroll of fog {unknown}
 y - a scroll of silence {unknown}
 A - a scroll of remove curse
 B - a scroll of magic mapping
Potions
 i - 2 potions of flight
 k - 8 potions of curing
 l - a potion of heal wounds
 n - a potion of ambrosia
 t - 2 potions of brilliance {unknown}
 z - a potion of lignification {unknown}
Comestibles
 c - 10 rations


   Skills:
 + Level 9.3 Fighting
 + Level 11.8 Axes
 + Level 4.9 Throwing
 + Level 8.0 Armour
 + Level 6.1 Dodging
 - Level 1.9 Stealth


You had 8 spell levels left.
You didn't know any spells.
Your spell library contained the following spells:

 Spells                   Type           Power        Failure   Level  Hunger
 Summon Small Mammal      Summ           #...         99%         1    ##.....
 Call Imp                 Summ           #.......     100%        2    ###....
 Call Canine Familiar     Summ           #.......     100%        3    ####...
 Summon Guardian Golem    Hex/Summ       #.......     100%        3    ####...
 Summon Ice Beast         Ice/Summ       #.......     100%        4    #####..
 Summon Lightning Spire   Summ/Air       #.......     100%        4    #####..


Dungeon Overview and Level Annotations

Branches:
Dungeon (8/15)             Temple (1/1) D:7           Sewer (visited)
   Lair: D:8-11

Altars:
Gozag
Ru
Sif Muna
Vehumet
Wu Jian
Xom

Shops:
D:5 ?   D:7 *

Annotations:
D:3 Jessica


Message History

You feel very buoyant.
You fly up into the air.
The two-headed ogre misses you.
The two-headed ogre hits you with a +0 giant club!
It was a potion of heal wounds.
You feel much better.
The two-headed ogre hits you with a +0 giant club!
The two-headed ogre completely misses you.
It was a potion of ambrosia.
You are confused.
You feel invigorated.
The two-headed ogre hits you with a +0 giant club!
The two-headed ogre hits you with a +0 giant club!!
* * * LOW HITPOINT WARNING * * *
Okay, then.
Your plate armour prevents you from hitting the two-headed ogre.
You closely miss the two-headed ogre.
The two-headed ogre hits you with a +0 giant club.
The two-headed ogre hits you with a +0 giant club!
* * * LOW HITPOINT WARNING * * *
The two-headed ogre hits you with a +0 giant club!!
You die...

#### ..#
#######.##
.(.......#
##########.#
#O@........#
##########.#
#.# #.#
#######.####
#..........#
#O##########
#.# #.#


You could see a two-headed ogre.

Vanquished Creatures
  A komodo dragon (D:7)
  Grinder (D:4)
  A spriggan (D:7)
  Duvessa (D:4)
  A phantom (D:7)
  2 ice beasts (D:6)
  An ogre (D:6)
  A centaur (D:7)
  2 big kobolds (Sewer)
  2 bullfrogs (D:7)
  A gnoll sergeant (D:6)
  Dowan (D:4)
  2 scorpions (D:6)
  A howler monkey (D:3)
  3 crimson imps
  A jelly (D:6)
  A hound (D:7)
  5 orc wizards
  A bullfrog skeleton (D:4)
  An iguana (D:4)
  3 worker ants
  A killer bee zombie (D:6)
  3 hound skeletons
  3 gnolls (D:6)
  4 river rats (Sewer)
  9 adders
  2 oozes
  An adder zombie (D:6)
  6 worms
  4 dart slugs
  6 leopard geckos
  17 orcs
  7 ball pythons
  4 giant cockroaches
  9 goblins
  8 hobgoblins
  3 jackals
  21 kobolds
  A quokka (D:3)
  5 bats
  10 frilled lizards
  2 leopard gecko skeletons
  A leopard gecko zombie (D:6)
  A quokka zombie (D:6)
  30 rats
191 creatures vanquished.

Vanquished Creatures (others)
  An orc warrior (D:6)
  An orc wizard (D:4)
  A worker ant (D:6)
  A jackal (D:6)
4 creatures vanquished.

Grand Total: 195 creatures vanquished

Notes
Turn   | Place    | Note
-------+----------+-------------------------------------------
     0 | D:1      | GreyFruit the Hill Orc Monk began the quest for the Orb.
     0 | D:1      | Reached XP level 1. HP: 19/19 MP: 1/1
   313 | D:1      | Reached XP level 2. HP: 10/27 MP: 2/2
  1003 | D:1      | Reached XP level 3. HP: 20/33 MP: 3/3
  1225 | D:2      | You fall into a shaft and drop 1 floor!
  1374 | D:3      | Noticed Jessica
  1820 | D:2      | Found a sacrificial altar of Ru.
  1825 | D:2      | Reached skill level 5 in Axes
  1904 | D:2      | Reached XP level 4. HP: 40/40 MP: 4/4
  3130 | D:3      | Reached skill level 1 in Armour
  3130 | D:3      | Reached XP level 5. HP: 46/47 MP: 5/5
  3158 | D:3      | Found an ornate altar of the Wu Jian Council.
  3390 | D:3      | Reached skill level 6 in Axes
  3988 | D:4      | Reached XP level 6. HP: 39/53 MP: 6/6
  4044 | D:4      | Noticed Grinder
  4069 | D:4      | Paralysed by Grinder for 2 turns
  4075 | D:4      | Killed Grinder
  4075 | D:4      | Reached skill level 5 in Fighting
  4075 | D:4      | Reached skill level 7 in Axes
  4075 | D:4      | Reached XP level 7. HP: 15/61 MP: 7/7
  4749 | D:4      | Noticed Duvessa
  4841 | D:4      | Reached skill level 10 in Axes
  4841 | D:4      | Reached skill level 5 in Dodging
  4841 | D:4      | Reached XP level 8. HP: 44/75 MP: 8/8
  4845 | D:4      | Noticed Dowan
  5149 | D:4      | Killed Dowan
  5225 | D:4      | Killed Duvessa
  5423 | D:5      | Entered Level 5 of the Dungeon
  5479 | D:5      | Found Saarphist's Magic Scroll Boutique.
  5482 | D:5      | Bought a scroll of magic mapping for 52 gold pieces
  5610 | D:5      | Found a glowing drain.
  5626 | Sewer    | Entered a sewer
  5627 | Sewer    | Upgraded the game from 0.24.0-125-gc4c63601f3 to
                  | 0.24.1-14-gf8d2b509d9
  6160 | Sewer    | Reached XP level 9. HP: 82/82 MP: 9/9
  6671 | D:5      | Found an opulent altar of Gozag.
  6682 | D:5      | Found a shimmering blue altar of Sif Muna.
  6683 | D:5      | Found a radiant altar of Vehumet.
  6942 | D:6      | Reached skill level 11 in Axes
  7232 | D:6      | Found a shimmering altar of Xom.
  8072 | D:7      | Found a staircase to the Ecumenical Temple.
  8152 | D:7      | Noticed a komodo dragon
  8168 | D:7      | Killed a komodo dragon
  8597 | D:7      | Found Ykasi Vaehep's Lightly-Used Armoury.
  8782 | Temple   | Entered the Ecumenical Temple
  8847 | D:8      | Noticed a two-headed ogre
  8904 | D:8      | Mangled by a two-headed ogre

Levels and vault maps discovered:
D:1:      minmay_arrival_four_circles, layout_rooms
D:2:      layout_basic, nicolae_ru_sacrificial_ziggurat, first_ration
D:3:      layout_basic, overflow_temple_1_default, kennysheep_donut, tgw_sif
D:4:      layout_basic, uniq_duvessa, uniq_grinder
D:5:      layout_rooms, minitemple, gup_sewer_entry_pipe, serial_shops,
          nicolae_shop_behind_doors
D:6:      layout_loops_ring, xom_confusion_cloud
D:7:      layout_loops_corners, minmay_temple_entry_glassed_door, the_bakery,
          hangedman_decor_slide_cut, minmay_shop_damaged
D:8:      layout_basic, serial_shops, shop
Temple:   compressed_dpeg_circular_temple

Skill      XL: |  1  2  3  4  5  6  7  8  9 |
---------------+----------------------------+-----
Fighting       | 4 5 8 9 |  9.3
Axes           | 5 6 7 10 11 | 11.8
Dodging        | 3 5 6 |  6.1
Armour         | 1 2 3 7 8 |  8.0
Throwing       | 4 |  4.9
Stealth        | |  1.9

Action                   |  1- 3 |  4- 6 |  7- 9 || total
-------------------------+-------+-------+-------++-------
Melee: Hand axe          |   127 |   197 |   639 ||   963
  Use: Potion            |     2 |     4 |     6 ||    12
       Scroll            |     1 |     3 |     5 ||     9
 Stab: Sleeping          |     3 |       |       ||     3
  Eat: Chunk             |     3 |     7 |    13 ||    23
       Ration            |       |       |     1 ||     1
Armor: Robe              |    17 |     5 |       ||    22
       Ring mail         |       |    50 |       ||    50
       Scale mail        |       |    12 |   198 ||   210
       Plate armour      |       |       |     1 ||     1
Dodge: Dodged            |    74 |   113 |   272 ||   459
